 Dungeon Crawl Stone Soup version 0.25-a0-589-g1e14c549ee (webtiles) character file.

Game seed: 10734085527730457581, levelgen mode: deterministic

394 Esekla the Ducker (level 6, -3/29 HPs)
             Began as a Spriggan Artificer on Mar 10, 2020.
             Slain by an ogre
             ... wielding a +0 giant club
              (32 damage)
             ... on level 4 of the Dungeon.
             The game lasted 00:24:07 (5870 turns).

Esekla the Ducker (Spriggan Artificer)              Turns: 5870, Time: 00:24:08

Health: -3/29      AC:  3    Str:  8    XL:     6   Next: 51%
Magic:  19/19      EV: 21    Int: 14    God:
Gold:   245        SH:  0    Dex: 17    Spells: 5/5 levels left

rFire    . . .     SeeInvis +   x - +2 short sword (speed)
rCold    . . .     Gourm    .   (shield restricted)
rNeg     . . .     Faith    .   b - +0 robe
rPois    .         Spirit   .   (helmet restricted)
rElec    .         Reflect  .   r - +0 cloak
rCorr    .         Harm     .   (gloves unavailable)
MR       +....                  (boots unavailable)
Stlth    +++.......             (no amulet)
HPRegen  0.09/turn              m - ring of magical power
MPRegen  0.16/turn              G - ring of wizardry

@: very quick
A: very small, unfitting armour, see invisible, herbivore, speed 3, slow
metabolism 2
a: no special abilities


You were on level 4 of the Dungeon.
You were not hungry.

You visited 2 branches of the dungeon, and saw 7 of its levels.

You collected 245 gold pieces.

Inventory:

Hand Weapons
 x - a +2 short sword of speed (weapon)
 E - a +0 spear of venom
Armour
 b - a +0 robe (worn)
 r - a +0 cloak (worn)
 u - a +0 leather armour
Jewellery
 m - a ring of magical power (left hand)
 s - an uncursed ring of protection from cold
 G - a ring of wizardry (right hand)
Wands
 c - a wand of flame (15)
 d - a wand of enslavement (15)
 e - a wand of random effects (14)
 y - a wand of disintegration (8)
 H - a wand of paralysis (6)
Scrolls
 i - a scroll of noise {unknown}
 j - 2 scrolls of remove curse
 l - a scroll of enchant weapon {unknown}
 o - a scroll of fear
 p - 2 scrolls of fog
 q - a scroll of immolation {unknown}
 w - 2 scrolls of magic mapping
 A - a scroll of teleportation {unknown}
 C - a scroll of random uselessness {unknown}
 D - a scroll of identify
Potions
 a - a potion of stabbing {unknown}
 g - 3 potions of heal wounds {unknown}
 h - a potion of mutation {unknown}
 k - a potion of cancellation {unknown}
 n - a potion of invisibility {unknown}
 t - a potion of lignification {unknown}
 v - 3 potions of flight
 z - 2 potions of magic
 B - a potion of brilliance {unknown}
 F - a potion of curing {unknown}
Comestibles
 f - 12 rations


   Skills:
 - Level 0.7 Fighting
 * Level 5.5 Short Blades
 * Level 6.1 Dodging
 + Level 3.5 Stealth
 - Level 4.2 Evocations


You had 5 spell levels left.
You didn't know any spells.
Your spell library was empty.

Dungeon Overview and Level Annotations

Branches:
Dungeon (6/15)             Temple (1/1) D:4

Altars:
Ashenzari
Cheibriados
Dithmenos
Elyvilon
Fedhas
Hepliaklqana
Kikubaaqudgha
Makhleb
Okawaru
Ru
Sif Muna
Trog
Vehumet
Wu Jian
The Shining One

Annotations:
D:6 Duvessa


Innate Abilities, Weirdness & Mutations

You are very small and have problems with some larger weapons.
You are too small for most types of armour.
You have supernaturally acute eyesight. (SInv)
You are a herbivore.
You cover ground extremely quickly.
You need to consume almost no food.


Message History

You hit the bullfrog skeleton.
The bullfrog skeleton is lightly damaged.
The bullfrog skeleton hits you.
* * * LOW HITPOINT WARNING * * *
There is a stone staircase leading up here.
You climb upwards.
There is a stone staircase leading down here.
You're wearing all the rings you can.
Remove which one? (? for menu, Esc to cancel) < or
m - a ring of magical power; > or
s - a ring of protection from cold You remove your ring of protection from cold.
G - a ring of wizardry (right hand)
You start resting.
HP restored.
(D) Dungeon (T) Temple
Where to? (Enter - D:1, ? - help)
You climb downwards.
The jackal completely misses you.
The ogre hits you with a +0 giant club!!
Ouch! That really hurt!
You die...

######.#....#..§§§####.#.##.#####
............'.§.........>........
######.###.##......###.#<......##
#####.##...#§##.......##......#
##....###.....#.)...#####......#
....##...##...#.....#####......#
...#..###..#..#....[....#......#
[.#..#...#..#.#..O.....h#......#
..#.#.###.#.#.#.@h......#......#
.#.#.#...#.#.#####......#......#
.#.#.#.>.#.#.#..........#......#
.#.#.#...#.#.#.###......#......#
[.#.#.###.#.#.'###......#*******
..#..#...#..#...........#
)..#..###..#.(..........#########
....##...##..(.....#####.........
).....###....#..##.# #.........


You could see an ogre and 2 jackals.

Vanquished Creatures
  A water moccasin skeleton (D:4)
  Dowan (D:6)
  A crimson imp (D:6)
  A bullfrog skeleton (D:2)
  A centaur skeleton (D:2)
  An orc wizard (D:4)
  Terence (D:2)
  3 gnolls
  4 adders
  3 oozes
  An adder zombie (D:5)
  3 worms
  2 dart slugs
  2 leopard geckos
  3 orcs
  6 bats
  3 giant cockroaches
  4 goblins (D:2)
  4 hobgoblins
  4 jackals
  6 kobolds
  6 frilled lizards
  A jackal skeleton (D:4)
  12 rats
74 creatures vanquished.

Notes
Turn   | Place    | Note
-------+----------+-------------------------------------------
     0 | D:1      | Esekla the Spriggan Artificer began the quest for the Orb.
     0 | D:1      | Reached XP level 1. HP: 9/9 MP: 4/4
   202 | D:1      | Reached XP level 2. HP: 11/14 MP: 6/6
   822 | D:1      | Found an iron altar of Okawaru.
  1331 | D:2      | Reached XP level 3. HP: 15/17 MP: 7/7
  1605 | D:2      | Reached skill level 4 in Dodging
  1882 | D:2      | Reached XP level 4. HP: 10/21 MP: 8/8
  2177 | D:2      | Noticed Terence
  2358 | D:2      | Killed Terence
  2358 | D:2      | Reached XP level 5. HP: 25/25 MP: 9/9
  2770 | D:3      | Found a snail-covered altar of Cheibriados.
  3079 | D:3      | Reached skill level 5 in Dodging
  3240 | D:3      | You fall into a shaft and drop 3 floors!
  3249 | D:6      | Noticed Dowan
  3250 | D:6      | Noticed Duvessa
  3253 | D:6      | Killed Dowan
  3269 | D:6      | Noticed an ice beast
  3349 | D:5      | Entered Level 5 of the Dungeon
  3656 | D:5      | Noticed a sky beast
  4343 | D:4      | Reached skill level 5 in Short Blades
  4343 | D:4      | Reached XP level 6. HP: 20/29 MP: 10/10
  4587 | D:4      | Found a staircase to the Ecumenical Temple.
  4596 | Temple   | Entered the Ecumenical Temple
  5175 | D:2      | Reached skill level 6 in Dodging
  5870 | D:4      | Slain by an ogre

Levels and vault maps discovered:
D:1:      lemuel_arrival_rhombus, layout_loops_ring, minivault_26,
          serial_bayou_pond_e, okawaru_ov_weapons_minmay
D:2:      layout_basic, grunt_ministairs_15, uniq_terence
D:3:      layout_loops_cross, kennysheep_slug_shrine
D:4:      layout_basic, minmay_temple_entry_steel_oval, first_ration
D:5:      layout_loops_ring, led_xom_imps, minmay_bent, uniq_pikel
D:6:      layout_rooms, dancing_weapons_uskayaw, gammafunk_ghost_hive,
          uniq_duvessa
Temple:   regret_index_temple_generic_petals

Skill      XL: |  1  2  3  4  5  6 |
---------------+-------------------+-----
Short Blades   | 2 3 4 5 |  5.5
Stealth        | 2 3 |  3.5
Dodging        | 4 5 6 |  6.1
Fighting       | |  0.7
Evocations     | |  4.2

Action                   |  1- 3 |  4- 6 || total
-------------------------+-------+-------++-------
Melee: Short sword       |   119 |   298 ||   417
Evoke: Wand              |       |     1 ||     1
  Use: Scroll            |       |     6 ||     6
 Stab: Sleeping          |     5 |     3 ||     8
  Eat: Ration            |       |     2 ||     2
Armor: Robe              |    10 |    21 ||    31
Dodge: Dodged            |   109 |   204 ||   313

Table legend:
 A = Non-vault XP
 B = Vault XP
 C = Vault XP percentage of total XP
 D = Non-vault monster count
 E = Vault monster count
 F = Vault count percentage of total count
                 A         B        C        D         E       F
            +---------+---------+-------+---------+---------+-------
      Total |     448 |     115 |  20.4 |      69 |       5 |   6.8
            +---------+---------+-------+---------+---------+-------
        D:1 |      44 |       7 |  13.7 |      18 |       1 |   5.3
        D:2 |     139 |      38 |  21.5 |      27 |       2 |   6.9
        D:3 |      59 |       4 |   6.3 |      11 |       1 |   8.3
        D:4 |     154 |       0 |   0.0 |      10 |       0 |   0.0
        D:5 |       6 |       0 |   0.0 |       2 |       0 |   0.0
        D:6 |      46 |      66 |  58.9 |       1 |       1 |  50.0
            +---------+---------+-------+---------+---------+-------
